AoeStats
← Mommy ;D

Fortress

510804133Analyzed
1v1 RM · 5h ago on Oct 2, 2026· 44m 27s· 2 players
Game mode
Random Map
Map size
Small (3 player)
Population
200
Speed
Normal
Resources
Standard
Victory
Conquest
Starting age
Dark Age
Ending age
Imperial Age
RankedLock teamsTeams togetherTeam positionsShared explorationLock speedFull tech treeHidden civsTurbo modeCheats
Victory
Defeat
🇧🇷 Byzantines · Brazil
826
+16
🇭🇷 Malians · Croatia
822
-16
Mommy ;D
4:13 Loom
7:09 Feudal Age
7:34 Horse Collar
7:41 Double-Bit Axe
12:12 Wheelbarrow
15:21 Castle Age
13:49 Gold Mining
16:31 Stone Mining
16:54 Bow Saw
16:58 Heavy Plow
19:24 Gold Shaft Mining
20:06 Stone Shaft Mining
20:55 Hand Cart
21:46 Fervor
27:47 Imperial Age
26:06 Pikeman
29:58 Scale Mail Armor
31:38 Conscription
33:19 Chain Mail Armor
33:59 Forging
34:26 Scale Barding Armor
34:16 Fletching
35:44 Plate Mail Armor
35:48 Coinage
36:41 Tigui
39:23 Iron Casting
38:20 Man-at-Arms
39:02 Cavalier
39:56 Masonry
40:07 Ballistics
39:43 Murder Holes
39:28 Treadmill Crane
40:39 Banking
40:19 Elite Gbeto
40:43 Light Cavalry
41:48 Chain Barding Armor
42:58 Hoardings
밤내림
8:55 Feudal Age
13:01 Castle Age
11:09 Double-Bit Axe
11:20 Horse Collar
12:49 Gold Mining
12:59 Loom
17:00 Wheelbarrow
17:13 Bow Saw
19:24 Stone Mining
19:48 Heavy Plow
26:34 Imperial Age
25:55 Hand Cart
25:44 Husbandry
27:29 Logistica
28:21 Conscription
30:32 Ballistics
32:50 Elite Cataphract
33:47 Forging
35:55 Iron Casting
35:10 Treadmill Crane
38:05 Scale Barding Armor
38:28 Devotion
39:59 Chain Barding Armor
40:43 Chemistry
40:05 Crossbowman
40:42 Fletching
40:50 Arbalester
42:06 Thumb Ring
42:43 Bodkin Arrow
Connection lost

Rejoining the realm…

Still unreachable

The connection could not be restored.

Session expired

The server has moved on; the page needs a fresh start.